 Dungeon Crawl Stone Soup version 0.21-a0-396-ga924934 (webtiles) character file.

83 Kavrick the Insei (level 4, -1/35 HPs)
             Began as a Human Monk on Oct 19, 2017.
             Slain by a leopard gecko (3 damage)
             ... on level 2 of the Dungeon.
             The game lasted 00:09:15 (2225 turns).

Kavrick the Insei (Human Monk)                      Turns: 2225, Time: 00:09:16

Health: -1/35      AC:  5    Str: 12    XL:     4   Next: 71%
Magic:  4/4        EV: 12    Int: 11    God:
Gold:   60         SH:  0    Dex: 15    Spells: 3/3 levels left

rFire    . . .     SeeInvis .     - Unarmed
rCold    . . .     Gourm    .   (no shield)
rNeg     . . .     Faith    .   d - +0 ring mail
rPois    .         Spirit   .   (no helmet)
rElec    .         Reflect  .   (no cloak)
rCorr    .         Harm     .   (no gloves)
MR       .....                  (no boots)
Stlth    +.........             (no amulet)
HPRegen  0.11/turn              (no ring)
MPRegen  0.09/turn              (no ring)

@: no status effects
A: no striking features
a: no special abilities


You were on level 2 of the Dungeon.
You were not hungry.

You visited 1 branch of the dungeon, and saw 3 of its levels.

You collected 60 gold pieces.

Inventory:

Armour
 d - a +0 ring mail (worn)
Jewellery
 c - an uncursed amulet of regeneration {unknown}
 f - an uncursed ring of flight {unknown}
 k - an uncursed ring of wizardry {unknown}
Scrolls
 a - a scroll of magic mapping {unknown}
 e - a scroll of recharging {unknown}
 h - 2 scrolls of teleportation {unknown}
Potions
 i - a potion of magic {unknown}
 j - a potion of curing {unknown}
 l - a potion of brilliance {unknown}
Books
 m - a book of Cantrips

   Spells                             Type                      Level
   a - Confusing Touch                Hexes                        1
   b - Animate Skeleton               Necromancy                   1
   c - Summon Small Mammal            Summoning                    1
   d - Apportation                    Translocation                1
Comestibles
 b - 2 bread rations
 g - 2 meat rations
 n - 3 chunks of flesh


   Skills:
 + Level 3.4 Fighting
 + Level 1.4 Armour
 + Level 3.4 Dodging
 - Level 2.0 Stealth
 * Level 4.0 Unarmed Combat


You had 3 spell levels left.
You didn't know any spells.

Dungeon Overview and Level Annotations

Branches:
Dungeon (3/15)

Altars:


Message History

The adder closely misses you. The leopard gecko bites you.
* * * LOW HITPOINT WARNING * * *
The adder closely misses you.
You miss the adder.
The adder is moderately wounded.
The leopard gecko bites you.
* * * LOW HITPOINT WARNING * * *
The adder bites you.
* * * LOW HITPOINT WARNING * * *
You hit the adder but do no damage. Your punch misses the adder.
The adder is moderately wounded.
The leopard gecko bites you but does no damage.
The adder misses you.
The leopard gecko bites you but does no damage.
You hit the adder.
The adder is severely wounded.
The adder bites you.
* * * LOW HITPOINT WARNING * * *
The leopard gecko bites you.
You die...

#...........#.#.#....#######(#
#........#..#.#.###.#.........
#.[......##.#.#.# #.+......... ##
#........##...#.#####......... (#
#........###.................. .#
#........#.................... .#
#........#.#..##.............. (#
###......#.#.Sl............... )#
#......#...@##..............
.#####......#....##.....##.......
(##.........#....##.....##)......
.##......####....##.....##.......
.##......# #...###.....##.......
.##......# #...# #.....##.......
.'.......# #...# #.....##.......
.###.....# #...# #.....##.......
.#.......# #...# #.....##.......


You could see an adder and a leopard gecko.

Vanquished Creatures
  3 adders
  2 worms (D:2)
  2 dart slugs
  An orc (D:2)
  A ball python (D:1)
  2 giant cockroaches (D:1)
  3 goblins
  4 hobgoblins
  5 jackals
  A quokka (D:2)
  8 bats
  4 frilled lizards (D:1)
  7 kobolds
  4 rats
47 creatures vanquished.

Vanquished Creatures (others)
  A goblin (D:3)
1 creature vanquished.

Grand Total: 48 creatures vanquished

Notes
Turn   | Place    | Note
-------+----------+-------------------------------------------
     0 | D:1      | Kavrick the Human Monk began the quest for the Orb.
     0 | D:1      | Reached XP level 1. HP: 18/18 MP: 1/1
   272 | D:1      | Reached XP level 2. HP: 24/24 MP: 2/2
   579 | D:2      | Reached XP level 3. HP: 19/29 MP: 3/3
   761 | D:2      | Reached skill level 1 in Armour
  1382 | D:2      | Reached XP level 4. HP: 25/35 MP: 4/4
  1866 | D:3      | Reached skill level 4 in Unarmed Combat
  2225 | D:2      | Slain by a leopard gecko

Vault maps used:
D:1:      eino_arrival_druids_welcome
D:3:      lemuel_coloured_pillars_altar, grunt_temple_overflow_open,
          chequers_ecumenical_altar_simple, nrook_mini_backslash,
          serial_bayou_crossing, uniq_purgy

Skill      XL: |  1  2  3  4 |
---------------+-------------+-----
Armour         | 1 |  1.4
Unarmed Combat | 4 |  4.0
Fighting       | |  3.4
Dodging        | |  3.4
Stealth        | |  2.0

Action                   |  1- 3 |  4- 6 || total
-------------------------+-------+-------++-------
Melee: Unarmed           |   134 |    92 ||   226
       Punch             |     2 |     2 ||     4
  Eat: Chunk             |     2 |     2 ||     4
Armor: Robe              |    17 |       ||    17
       Ring mail         |    13 |    45 ||    58
Dodge: Dodged            |    89 |    81 ||   170

Table legend:
 A = Spawn XP
 B = Non-spawn XP
 C = Spawn XP percentage of total XP
 D = Spawn monster count
 E = Non-spawn monster count
 F = Spawn count percentage of total count
 G = Total turns spent on level
                    A         B        C        D         E        F      G
               +---------+---------+-------+---------+---------+-------+---------
         Total |       0 |     119 |   0.0 |       0 |      47 |   0.0 |  2225
               +---------+---------+-------+---------+---------+-------+---------
           D:1 |       0 |      26 |   0.0 |       0 |      16 |   0.0 |   558
           D:2 |       0 |      72 |   0.0 |       0 |      25 |   0.0 |  1224
           D:3 |       0 |      21 |   0.0 |       0 |       6 |   0.0 |   443
               +---------+---------+-------+---------+---------+-------+---------
